Map: [ESL] Babylon

Players

Reynor - Winner!

  • Race: Zerg Zerg

Spirit

  • Race: Terran Terran

Event: IEM Katowice 2023

VOD

Have the link to the VOD?

Description

Time

  • Played on: Feb. 9, 2023, 7:43 a.m.
  • Length: 9:30

All games in this series

Show
View Real Time Build Order
Export as new Build Order

Reynor Zerg - Winner!

Build Orders: Pool First 

Get SALT Encoding   

  12  0:00  Drone  
  13  0:21  Spawning Pool  
  13  0:24  Drone  
  13  0:29  Drone  
  14  0:37  Overlord  
  14  0:56  Drone  
  15  1:08  Zergling x6  
  18  1:16  Hatchery  
  17  1:19  Zergling x2  
  18  1:30  Zergling x2  
  19  1:33  Queen  
  21  1:41  Overlord  
  21  1:51  Drone  
  22  2:03  Zergling x2  
  23  2:08  Queen  
  23  2:10  Extractor  
  23  2:13  Drone  
  25  2:23  Drone  
  25  2:28  Drone  
  27  2:34  Drone  
  28  2:39  Drone  
  28  2:42  Drone  
  28  2:43  Drone x2  
  31  2:57  Hatchery  
  29  2:58  Drone  
  29  3:04  Drone  
  30  3:07  Overlord  
  30  3:10  Drone  
  30  3:13  Drone  
  30  3:18  Drone  
  32  3:21  Drone  
  32  3:23  Drone  
  32  3:24  Drone  
  32  3:26  Drone  
  36  3:32  Metabolic Boost  
  36  3:34  Drone  
  37  3:36  Overlord  
  37  3:39  Drone  
  37  3:45  Drone  
  37  3:46  Drone  
  37  3:48  Queen  
  38  3:53  Queen  
  42  3:57  Drone x2  
  42  4:00  Overlord  
  42  4:02  Zergling x2  
  45  4:04  Drone  
  45  4:07  Zergling x2  
  45  4:09  Zergling x2  
  48  4:14  Queen, Zergling x2  
  48  4:16  Zergling x2  
  52  4:21  Drone x3  
  55  4:24  Overlord  
  55  4:29  Zergling x4  
  55  4:30  Drone  
  58  4:34  Queen  
  58  4:37  Overlord  
  60  4:39  Drone  
  60  4:43  Drone, Queen  
  64  4:47  Zergling x2  
  64  4:48  Zergling x2  
  65  4:55  Drone  
  65  4:56  Drone x2  
  65  4:57  Drone x2  
  65  4:59  Drone  
  71  5:02  Overlord  
  71  5:05  Drone x2  
  71  5:07  Drone  
  74  5:10  Lair  
  74  5:11  Extractor, Drone, Baneling Nest  
  73  5:16  Drone x2  
  75  5:24  Drone x3  
  77  5:31  Overlord, Drone x2  
  77  5:32  Drone x2  
  81  5:37  Overlord  
  81  5:38  Hatchery  
  81  5:42  Overlord  
  80  5:43  Drone x2  
  81  5:50  Drone x2, Evolution Chamber  
  81  5:51  Evolution Chamber  
  81  5:53  Drone x2  
  81  5:54  Extractor  
  81  5:56  Extractor  
  81  6:02  Drone  
  81  6:03  Zergling x4  
  81  6:04  Zergling x4  
  86  6:05  Zergling x2  
  86  6:07  Drone  
  86  6:08  Overlord  
  86  6:09  Centrifugal Hooks  
  88  6:13  Drone, Hatchery  
  88  6:14  Drone  
  88  6:15  Drone  
  88  6:17  Zerg Ground Armor Level 1  
  88  6:18  Drone  
  91  6:21  Overlord  
  91  6:22  Drone x2  
  91  6:24  Overlord  
  93  6:30  Zergling x4, Zerg Melee Weapons Level 1  
  95  6:34  Zergling x4  
  95  6:35  Zergling x2  
  95  6:36  Drone x3  
  95  6:39  Zergling x4  
  103  6:42  Infestation Pit, Zergling x2  
  103  6:49  Zergling x4  
  103  6:52  Queen, Zergling x4  
  109  6:58  Drone x3  
  109  7:00  Zergling x8  
  116  7:01  Spore Crawler  
  116  7:02  Zergling x4  
  116  7:03  Overlord, Spore Crawler  
  116  7:06  Drone, Spore Crawler  
  116  7:08  Zergling x4  
  118  7:11  Drone  
  118  7:13  Drone x2  
  118  7:14  Overlord  
  121  7:22  Hive  
  120  7:24  Drone x2  
  120  7:25  Drone  
  120  7:26  Drone  
  120  7:29  Zergling x12  
  130  7:33  Zergling x6  
  130  7:34  Queen x2  
  137  7:38  Queen  
  137  7:42  Spore Crawler  
  133  7:45  Spore Crawler  
  125  7:56  Drone x7  
  123  8:00  Drone x2  
  123  8:02  Drone  
  123  8:05  Drone x2  
  119  8:07  Overlord  
  119  8:10  Drone x2, Queen  
  119  8:12  Drone x2  
  125  8:17  Queen  
  125  8:19  Drone x2  
  126  8:20  Drone x2  
  126  8:22  Overlord  
  128  8:28  Baneling x11  
  128  8:29  Drone x2  
  128  8:31  Drone  
  128  8:33  Drone x2  
  132  8:37  Drone x2  
  132  8:38  Drone x2  
  129  8:51  Drone x3  
  129  8:52  Drone x4  
  127  8:56  Zergling x28  
  127  8:57  Zergling x2  
  127  8:58  Zergling x2  
  143  9:04  Zergling x10  
  143  9:07  Zergling x4  
  144  9:11  Drone  
  144  9:14  Spire  
  144  9:15  Drone x2  
  142  9:21  Spore Crawler  
Show
View Real Time Build Order
Export as new Build Order

Spirit Terran 

Build Orders:  

Get SALT Encoding   

  12  0:00  SCV  
  13  0:12  SCV  
  14  0:17  Supply Depot  
  14  0:24  SCV  
  15  0:39  Barracks  
  15  0:50  Barracks  
  15  0:53  SCV  
  16  1:05  SCV  
  17  1:17  SCV  
  18  1:26  Marine  
  18  1:29  Orbital Command  
  19  1:32  Supply Depot  
  19  1:37  Marine  
  20  1:43  Marine  
  21  1:49  Supply Depot  
  21  1:56  SCV  
  22  2:01  Marine  
  22  2:03  Marine  
  22  2:08  SCV  
  25  2:18  Command Center  
  25  2:23  SCV  
  25  2:35  SCV  
  26  2:46  Command Center  
  26  2:54  SCV  
  26  3:01  Marine  
  26  3:04  Marine  
  28  3:10  SCV  
  28  3:12  Refinery  
  26  3:14  Refinery  
  26  3:19  Marine  
  27  3:22  Marine, SCV  
  29  3:33  Orbital Command  
  29  3:34  SCV  
  30  3:36  Marine  
  30  3:40  Marine  
  32  3:46  SCV  
  33  3:54  Marine  
  34  3:58  Marine, Factory, SCV  
  34  4:00  SCV  
  37  4:10  SCV, Refinery  
  37  4:12  Marine, SCV  
  40  4:18  Marine  
  40  4:20  Orbital Command  
  40  4:22  SCV  
  42  4:25  SCV  
  42  4:30  Marine  
  43  4:34  SCV  
  43  4:37  SCV  
  45  4:42  Factory Tech Lab  
  45  4:43  Starport  
  45  4:44  Marine  
  46  4:46  SCV  
  46  4:49  Marine, SCV x2  
  47  4:58  SCV  
  47  5:01  SCV x2  
  47  5:02  Siege Tank  
  53  5:11  SCV  
  53  5:13  SCV x2  
  53  5:23  SCV  
  53  5:25  SCV x2, Refinery  
  55  5:32  Supply Depot  
  55  5:33  Fusion Core  
  55  5:35  SCV  
  56  5:37  SCV x2  
  57  5:45  Starport Tech Lab  
  57  5:46  Starport  
  57  5:47  SCV  
  57  5:49  SCV x2  
  58  5:59  SCV  
  58  6:01  SCV x2  
  61  6:06  Supply Depot x2  
  61  6:11  SCV  
  61  6:13  Orbital Command  
  61  6:15  Engineering Bay, Barracks  
  61  6:16  Engineering Bay  
  63  6:21  Supply Depot  
  63  6:22  Battlecruiser  
  68  6:26  SCV  
  68  6:27  Battlecruiser  
  68  6:28  SCV  
  76  6:35  Barracks Tech Lab x2  
  76  6:37  Factory Tech Lab  
  76  6:38  SCV  
  76  6:39  SCV  
  78  6:40  Barracks  
  78  6:41  Barracks  
  78  6:42  SCV  
  79  6:50  Bunker, SCV  
  79  6:53  SCV  
  81  6:54  Supply Depot  
  81  6:55  SCV  
  81  6:56  Supply Depot  
  81  6:57  Stimpack  
  82  7:02  Supply Depot  
  82  7:04  SCV  
  82  7:05  Barracks Reactor  
  82  7:07  Barracks  
  83  7:10  Marine, SCV x2  
  83  7:13  Marine  
  83  7:15  Refinery  
  87  7:16  SCV  
  87  7:22  SCV  
  90  7:24  Combat Shield, Supply Depot  
  90  7:28  Supply Depot  
  91  7:30  Marine  
  91  7:31  Marine  
  91  7:32  Barracks Reactor, Supply Depot  
  91  7:36  Marine  
  92  7:38  Command Center, SCV  
  92  7:44  Marine  
  93  7:45  Marine  
  93  7:48  Marine, Medivac x2  
  93  7:49  Marine, Siege Tank  
  104  7:53  SCV  
  104  7:54  Marine x2  
  107  8:00  SCV  
  107  8:01  Marine  
  107  8:02  Marine  
  101  8:06  Marine  
  101  8:07  Marine  
  101  8:09  Marine  
  101  8:12  Marine x2  
  98  8:14  Marine  
  98  8:16  Supply Depot  
  98  8:17  Orbital Command  
  98  8:19  Marine, Supply Depot  
  99  8:20  Marine  
  99  8:21  Siege Tank  
  99  8:24  Marine x2, Engineering Bay  
  99  8:25  Engineering Bay  
  102  8:27  Marine  
  102  8:29  Marine  
  102  8:30  SCV x2  
  102  8:32  Marine  
  102  8:34  Barracks Reactor  
  107  8:37  Marine, Armory  
  107  8:38  Marine  
  109  8:41  Marine  
  109  8:42  Marine, SCV x3  
  109  8:45  Marine  
  109  8:47  Marine  
  105  8:50  Marine  
  105  8:54  SCV x3  
  105  8:55  Marine  
  79  9:06  SCV x2  
  79  9:07  SCV  
  84  9:11  Marine  

Tags
 
Add a new tag
Caveats
  • Supply blocks, unpowered buildings, or Contaminate may cause inaccurate times.
  • Supply counts are checked every 10 seconds.